 Dungeon Crawl Stone Soup version 0.30.1-4-g462c640d31 (webtiles) character file.

Game seed: 9906164954498356349

26 lonewolfV2 the Scratcher (level 2, 0/12 HPs)
             Began as a Felid Transmuter on Aug 22, 2023.
             Slain by a kobold
             ... wielding a +0 mace
              (6 damage)
             ... on level 2 of the Dungeon.
             The game lasted 00:03:34 (1349 turns).

lonewolfV2 the Scratcher (Felid Transmuter)         Turns: 1349, Time: 00:03:34

Health: 0/12       AC:  1    Str:  6    XL:     2   Next: 89%
Magic:  5/6        EV: 17    Int: 14    God:
Gold:   93         SH:  0    Dex: 16    Spells: 4/5 levels left
                                        Lives:  0   Deaths: 0

rFire   . .          .
                       - Unarmed
rCold   . . .        (shield unavailable)
rNeg    . . .        (body armour unavailable)
rPois   .            (helmet unavailable)
rElec   .            (cloak unavailable)
rCorr   .            (gloves unavailable)
SInv    +            (boots unavailable)
Will    .....        (no amulet)
Stlth   +            (no ring)
HPRegen 0.22/turn    (no ring)
MPRegen 0.10/turn

%: no passive effects
@: appendages, quick
A: horns 2, very small, claws 1, fangs 3, see invisible, speed 1, shaggy fur 1,
stealthy paws, no weapons or thrown items, no armour, multi-lived
a: End Transformation


You were on level 2 of the Dungeon.
You had temporarily grown beastly horns.
You visited 1 branch of the dungeon, and saw 2 of its levels.

You collected 93 gold pieces.

Inventory:

Jewellery
 d - a +6 ring of strength
 f - a ring of magical power
Scrolls
 b - a scroll of fog {unknown}
 c - 2 scrolls of blinking {unknown}
 h - a scroll of vulnerability {unknown}
 j - a scroll of torment {unknown}
 k - 2 scrolls of enchant armour {unknown}
 m - a scroll of identify {unknown}
Potions
 a - 2 potions of lignification
 e - 2 potions of attraction {unknown}
 g - a potion of haste {unknown}
 i - a potion of flight {unknown}
 l - a potion of curing {unknown}


   Skills:
 + Level 1.0 Fighting
 + Level 3.0 Dodging
 + Level 3.4 Unarmed Combat
 + Level 2.4 Spellcasting
 + Level 2.5 Transmutations


You had 4 spell levels left.
You knew the following spells:

 Your Spells              Type           Power      Damage    Failure   Level
a - Beastly Appendage     Tmut           16%        N/A       9%          1

Your spell library contained the following spells:

 Spells                   Type           Power      Damage    Failure   Level
 Wereblood                Tmut           8%         N/A       12%         2
 Spider Form              Tmut/Pois      5%         N/A       38%         3
 Ice Form                 Ice/Tmut       5%         N/A       80%         4


Dungeon Overview and Level Annotations

Branches:
Dungeon (2/15)

Altars:

Shops:
D:2 *


Innate Abilities, Weirdness & Mutations

You have temporarily grown beastly horns.
You have sharp claws.
You have razor-sharp teeth.
You have supernaturally acute eyesight. (SInv)
You cover ground quickly. (Speed+)
You are covered in fur. (AC +1)
Your paws help you pounce on unaware monsters.
You are incapable of wielding weapons or throwing items.
You cannot wear armour.
You gain extra lives every three experience levels.


Message History

Confirm with . or Enter, or press ? or * to list all spells.
You grow a pair of large bovine horns.
Your transformation is almost over.
The worm bites you but does no damage.
You completely miss the worm. The worm misses you.
You scratch the worm.
The worm is moderately wounded.
You scratch the worm. You headbutt the worm.
The worm is severely wounded.
The worm closely misses you.
You barely miss the worm.
The worm is heavily wounded.
You scratch the worm. Your bite misses the worm.
The worm is almost dead.
The worm misses you.
You scratch the worm.
You kill the worm!
You see here a worm corpse.
Your horns disappear.
There is an entrance to Moirghome's Assorted Antiques here.
There is a stone staircase leading down here.
You see here a +3 heavy spear.
A kobold comes into view. It is wielding a +0 mace.
A kobold is nearby!
Casting: Beastly Appendage (safe; 9% risk of failure)
Confirm with . or Enter, or press ? or * to list all spells.
You grow a pair of large bovine horns.
The kobold shouts!
A goblin comes into view. It is wielding a +0 dagger.
The goblin shouts!
You scratch the kobold.
The kobold is heavily wounded.
The kobold hits you with a +0 mace.
Ouch! That really hurt!
You barely miss the kobold. Your claw misses the kobold.
The kobold is heavily wounded.
A dart slug comes into view.
The kobold hits you with a +0 mace.
Ouch! That really hurt!
You die...

###.## #.........#
###.# #.........#
#...### #.........
......# # #........
..###.....### ..
#.#######....## .#
#....# #...##.# ####.#
#....## ####.######
#.@Kg# ......#...###
#.##..w...
#####.......###.#
#....
.#####....#.....# ...
.....#.........#####..
.
####........##........
#).....#...######..
##.....###.# # #.....#
#.#


You could see a dart slug, a goblin and a kobold.

Vanquished Creatures
  A worm (D:2)
  2 endoplasms
  2 giant cockroaches
  2 goblins
  A hobgoblin (D:1)
  A quokka (D:2)
  5 ball pythons
  2 bats (D:1)
  2 frilled lizards (D:1)
  3 kobolds
  2 rats
23 creatures vanquished.

Notes
Turn   | Place    | Note
-------+----------+-------------------------------------------
     0 | D:1      | lonewolfV2 the Felid Transmuter began the quest for the
                  | Orb.
     0 | D:1      | Reached XP level 1. HP: 9/9 MP: 4/4
    39 | D:1      | Found a faded altar of an unknown god.
   522 | D:1      | Reached XP level 2. HP: 12/12 MP: 4/6
  1267 | D:2      | Found Moirghome's Assorted Antiques.
  1349 | D:2      | Slain by a kobold

Illustrated notes

Levels and vault maps discovered:
D:1:      kennysheep_arrival_seaside, layout_loops_ring, basic_ecumenical_altar,
          wander_ebering_terrifying_dragon_lair
D:2:      layout_rooms, serial_shops, shop, minmay_rat_hole

Skill      XL: |  1  2 |
---------------+-------+-----
Dodging        | 3 |  3.0
Fighting       | |  1.0
Unarmed Combat | |  3.4
Spellcasting   | |  2.4
Transmutations | |  2.5

Action                     || total
---------------------------++-------
  Melee: Unarmed           ||    71
         Headbutt          ||     7
         Bite              ||     5
   Cast: Beastly Appendage ||    19
   Stab: Sleeping          ||     1
 Armour: Skin              ||     5
  Dodge: Dodged            ||    59
